 Dungeon Crawl Stone Soup version 0.26-a0-812-g31a745ddcd (webtiles) character file.

Game seed: 1659570541029978103

1208 ultratwo the Ruffian (level 8, -2/75 HPs)
             Began as a Troll Fighter on Nov 17, 2020.
             Was a Priest of Okawaru.
             Killed by nerve-wracking pain
             ... invoked by Grinder
              (11 damage)
             ... while paralysed by Grinder
             ... on level 5 of the Dungeon.
             The game lasted 00:36:38 (3280 turns).

ultratwo the Ruffian (Troll Fighter)                Turns: 3280, Time: 00:36:39

Health: -2/75      AC:  6    Str: 26    XL:     8   Next: 21%
Magic:  7/7        EV:  1    Int:  4    God:    Okawaru [***...]
Gold:   239        SH:  0    Dex: 10    Spells: 7/7 levels left

rFire    x . .     SeeInvis .   y - +1 whip (flame)
rCold    + . .     Faith    .   b - +2 kite shield
rNeg     . . .     Spirit   .   a - +0 robe
rPois    +         Reflect  .   (helmet restricted)
rElec    .         Harm     .   (no cloak)
rCorr    .         Rampage  .   (gloves unavailable)
MR       .....                  (boots unavailable)
Stlth    ++........             (no amulet)
HPRegen  0.62/turn              d - ring of poison resistance
MPRegen  0.10/turn              m - ring of ice

@: paralysed
A: large, unfitting armour, claws 3, regeneration 1, shaggy fur 1, tough skin 3
a: Heroism, Renounce Religion


You were on level 5 of the Dungeon.
You worshipped Okawaru.
Okawaru was most pleased with you.
You visited 1 branch of the dungeon, and saw 6 of its levels.

You collected 239 gold pieces.

Inventory:

Hand Weapons
 i - a +0 mace
 n - a +0 hunting sling
 o - a +0 flail
 p - a +0 falchion
 s - a +0 morningstar
 t - a +0 trident
 y - a +1 whip of flaming (weapon)
Missiles
 j - 6 javelins (quivered)
 l - 17 poisoned darts
 r - 2 throwing nets
 v - 18 sling bullets
 A - 9 stones
Armour
 a - a +0 robe (worn)
 b - a +2 kite shield (worn)
 u - the +6 lightning scales {run, rElec}
   (You found it on level 4 of the Dungeon)

   It insulates you from electricity.
Jewellery
 d - a ring of poison resistance (left claw)
 m - a ring of ice (right claw)
Wands
 w - a wand of iceblast (8)
Scrolls
 x - a scroll of identify
Potions
 c - 2 potions of might
 e - a potion of magic
 f - a potion of ambrosia
 g - 3 potions of brilliance {unknown}
 h - a potion of berserk rage {unknown}
 k - a potion of heal wounds {unknown}
 q - a potion of flight {unknown}
 z - a potion of lignification {unknown}


   Skills:
 + Level 3.4 Fighting
 + Level 1.3 Maces & Flails
 + Level 4.3 Dodging
 + Level 1.4 Stealth
 + Level 4.6 Shields
 + Level 6.2 Unarmed Combat


You had 7 spell levels left.
You didn't know any spells.
Your spell library was empty.

Dungeon Overview and Level Annotations

Branches:
Dungeon (6/15)             Temple (0/1) D:6

Altars:
Ashenzari
Elyvilon
Nemelex Xobeh
Okawaru

Annotations:
D:5 Grinder


Innate Abilities, Weirdness & Mutations

You are too large for most types of armour.
You have claws for hands.
Your natural rate of healing is unusually fast.
You are covered in fur. (AC +1)
You have extremely tough skin. (AC +3)


Message History

The centaur barely misses you.
You climb upwards.
There is a stone staircase leading down here.
Okay, then.
You block the centaur's attack.
The centaur wields a +0 shortbow.
The centaur shoots an arrow.
The arrow hits you but does no damage. Grinder gestures at you.
Pain shoots through your body!
* * * LOW HITPOINT WARNING * * *
You see here an arrow.
The centaur shoots an arrow.
The arrow hits you.
* * * LOW HITPOINT WARNING * * *
Grinder gestures at you.
You suddenly lose the ability to move!
The centaur shoots an arrow.
The arrow hits you.
* * * LOW HITPOINT WARNING * * *
Grinder gestures at you. Pain shoots through your body!
You die...

#...)...........##
#..#.####
....##..##.........#
#..#..... ###
##..........#.# #..######
####รท##.####.##.# #.##
#....##.# #.##.## #.###
#.#....#.# ##[....# #...#
#.............#..# #.#.#
##......#####.#..# #.#.##
#####.....@.....###....####
#.^###.(..............#
.#>#..c......###....#.#
###.##......5..[## ##.#.#..
.........##.#..######.#.###
#######.............(.#.#
##.##.#..########.#
#.##.#.[# #.# #.......# #.#


You could see Grinder and a centaur.

Vanquished Creatures
  Pikel (D:5)
  2 sky beasts (D:5)
  2 phantoms
  A lemure (D:5)
  A bullfrog (D:5)
  A scorpion (D:4)
  An orc wizard (D:3)
  2 orc priests
  A worker ant (D:5)
  A hound skeleton (D:4)
  5 adders
  3 oozes
  An adder skeleton (D:5)
  4 worms
  2 dart slugs (D:1)
  2 leopard geckos
  7 orcs
  7 giant cockroaches
  5 goblins
  9 hobgoblins
  8 jackals
  4 kobolds
  3 quokkas
  5 bats
  4 frilled lizards
  8 rats
90 creatures vanquished.

Vanquished Creatures (others)
  A quokka (D:2)
1 creature vanquished.

Grand Total: 91 creatures vanquished

Notes
Turn   | Place    | Note
-------+----------+-------------------------------------------
     0 | D:1      | ultratwo the Troll Fighter began the quest for the Orb.
     0 | D:1      | Reached XP level 1. HP: 22/22 MP: 0/0
    47 | D:1      | Reached XP level 2. HP: 29/29 MP: 1/1
   661 | D:2      | Found a white marble altar of Elyvilon.
   670 | D:2      | Reached XP level 3. HP: 35/36 MP: 2/2
   808 | D:2      | Found an iron altar of Okawaru.
   815 | D:2      | Became a worshipper of Warmaster Okawaru
  1011 | D:2      | Reached XP level 4. HP: 37/44 MP: 3/3
  1029 | D:2      | Found a sparkling altar of Nemelex Xobeh.
  1168 | D:3      | Found a broken altar of Ashenzari.
  1231 | D:3      | Reached skill level 3 in Unarmed Combat
  1706 | D:3      | Reached XP level 5. HP: 28/52 MP: 4/4
  1986 | D:4      | Noticed a phantom
  1989 | D:4      | Found the +6 lightning scales {run, rElec}
  2062 | D:4      | Killed a phantom
  2062 | D:4      | Reached * piety under Okawaru
  2062 | D:4      | Reached skill level 4 in Unarmed Combat
  2062 | D:4      | Reached XP level 6. HP: 52/59 MP: 5/5
  2349 | D:5      | Entered Level 5 of the Dungeon
  2502 | D:5      | Noticed Pikel
  2531 | D:5      | Killed Pikel
  2531 | D:5      | Reached ** piety under Okawaru
  2531 | D:5      | Reached skill level 6 in Unarmed Combat
  2531 | D:5      | Reached XP level 7. HP: 43/67 MP: 6/6
  2559 | D:5      | Reached skill level 1 in Stealth
  2742 | D:5      | Noticed Grinder
  2749 | D:5      | Paralysed by Grinder for 3 turns
  2766 | D:5      | Paralysed by Grinder for 5 turns
  2778 | D:5      | Paralysed by Grinder for 3 turns
  2873 | D:5      | Paralysed by Grinder for 3 turns
  2886 | D:5      | Paralysed by Grinder for 7 turns
  2904 | D:5      | Paralysed by Grinder for 7 turns
  2999 | D:5      | Reached XP level 8. HP: 48/75 MP: 7/7
  3182 | D:5      | Reached *** piety under Okawaru
  3182 | D:5      | Reached skill level 1 in Maces & Flails
  3240 | D:6      | Found a staircase to the Ecumenical Temple.
  3268 | D:5      | Paralysed by Grinder for 2 turns
  3279 | D:5      | Paralysed by Grinder for 3 turns
  3280 | D:5      | Killed from afar by Grinder

Illustrated notes

Levels and vault maps discovered:
D:1:      heliophobic_arrival_glass_houses, layout_basic, grunt_decor_one_mirror
D:2:      layout_basic, marbit_many_paths, elyvilon_altar_4,
          okawaru_ov_weapons_minmay
D:3:      layout_basic, ashenzari_altar_1, minmay_misc_feat_four_crosses,
          chequers_serial_rivers_large_b, minmay_misc_feat_cross
D:4:      layout_gridville
D:5:      layout_loops_ring, corexii_checkpoint_a, uniq_pikel, uniq_grinder
D:6:      layout_basic, overflow_temple_1_default, temple_statues, tgw_trog

Skill      XL: |  1  2  3  4  5  6  7  8 |
---------------+-------------------------+-----
Shields        | 3 4 |  4.6
Unarmed Combat | 3 4 6 |  6.2
Dodging        | 3 4 |  4.3
Fighting       | 3 |  3.4
Stealth        | 1 |  1.4
Maces & Flails | 1 |  1.3

Action                   |  1- 3 |  4- 6 |  7- 9 || total
-------------------------+-------+-------+-------++-------
Melee: Unarmed           |   108 |   172 |       ||   280
       Whip              |       |       |   159 ||   159
Throw: Throwing net      |       |       |     1 ||     1
  Use: Scroll            |     4 |     7 |     3 ||    14
 Stab: Sleeping          |     2 |       |     1 ||     3
Armor: Robe              |    48 |    31 |    34 ||   113
Dodge: Dodged            |    33 |    42 |    45 ||   120
Block: Kite shield       |    59 |    69 |    74 ||   202

Table legend: (Time is in decaauts)
 A = Elapsed time spent in this place.
 B = Non-inter-level travel time spent in this place.
 C = Inter-level travel time spent in this place.
 D = Time resting spent in this place.
 E = Time spent auto-exploring this place.
 F = Levels seen in this place.
 G = Mean time per level.
                   A        B        C        D        E       F      G
               +--------+--------+--------+--------+--------+-----+--------+
         Total |   3307 |   3294 |     13 |     63 |      0 |   6 |  551.2 |
       Dungeon |   3307 |   3294 |     13 |     63 |      0 |   6 |  551.2 |
               +--------+--------+--------+--------+--------+-----+--------+

Top non-repeatable levels by time:
     D:5: 925 daAuts
     D:3: 839 daAuts
     D:1: 634 daAuts
     D:2: 517 daAuts
     D:4: 362 daAuts
     D:6: 26 daAuts
